 Dungeon Crawl Stone Soup version 0.29.1-12-g30fa7ad0bf (webtiles) character file.

Game seed: 6765358576327844490

1344 Miku the Geomancer (level 8, 0/51 HPs)
             Began as an Octopode Earth Elementalist on Jan 7, 2023.
             Slain by a lemure (7 damage)
             ... led by Pikel
             ... on level 7 of the Dungeon.
             The game lasted 00:10:38 (6767 turns).

Miku the Geomancer (Octopode Earth Elementalist)    Turns: 6767, Time: 00:10:38

Health: 0/51       AC:  1    Str:  7    XL:     8   Next: 62%
Magic:  0/12       EV: 14    Int: 19    God:
Gold:   294        SH:  0    Dex: 13    Spells: 2/13 levels left

rFire   . . .      SeeInvis .   g - +0 short sword
rCold   . . .      Faith    .   (no shield)
rNeg    . . .      Spirit   .   (helmet restricted)
rPois   .          Reflect  .   (no amulet)
rElec   .          Harm     .   q - ring of wizardry
rCorr   .          Rampage  .   (no ring)
Will    .....                   (no ring)
Stlth   +++.......              (no ring)
HPRegen 0.17/turn               (no ring)
MPRegen 0.13/turn               (no ring)
                                (no ring)
                                (no ring)

@: no status effects
A: almost no armour, amphibious, 8 rings, camouflage 1, gelatinous body 1,
(nimble swimmer 1), tentacles
a: no special abilities


You were on level 7 of the Dungeon.
You visited 2 branches of the dungeon, and saw 8 of its levels.

You collected 294 gold pieces.

Inventory:

Hand Weapons
 g - a +0 short sword (weapon)
Magical Staves
 e - a staff of conjuration
Jewellery
 q - a ring of wizardry (left tentacle)
 u - an amulet of faith
Wands
 w - a wand of charming (2)
Scrolls
 b - 4 scrolls of magic mapping
 c - a scroll of noise
 d - 2 scrolls of teleportation
 i - a scroll of identify
 l - 2 scrolls of amnesia
 m - a scroll of vulnerability
 n - a scroll of fog {unknown}
 o - a scroll of fear {unknown}
 r - a scroll of poison {unknown}
 v - a scroll of blinking {unknown}
Potions
 a - 5 potions of magic
 f - a potion of flight {unknown}
 h - 3 potions of haste
 j - a potion of berserk rage {unknown}
 k - 4 potions of mutation
 p - 3 potions of curing
 s - a potion of lignification {unknown}
 t - a potion of ambrosia {unknown}


   Skills:
 + Level 2.6 Fighting
 + Level 3.5 Dodging
 - Level 2.6 Stealth
 - Level 3.0 Spellcasting
 - Level 1.0 Conjurations
 - Level 3.0 Transmutations
 - Level 9.0 Earth Magic


You had 2 spell levels left.
You knew the following spells:

 Your Spells              Type           Power      Damage    Failure   Level
a - Sandblast             Erth           74%        2d16      1%          1
b - Passwall              Tmut/Erth      20%        N/A       1%          2
c - Stone Arrow           Conj/Erth      42%        3d9       2%          3
d - Petrify               Tmut/Erth      25%        N/A       5%          4
e - Summon Small Mammal   Summ           8%         N/A       6%          1

Your spell library contained the following spells:

 Spells                   Type           Power      Damage    Failure   Level
 Apportation              Tloc           4%         N/A       6%          1
 Necrotise                Necr           8%         1d4       6%          1
 Slow                     Hex            8%         N/A       6%          1
 Metabolic Englaciation   Hex/Ice        1%         N/A       82%         5
 Maxwell's Capacitive Co  Air            1%         ∞         100%        8


Dungeon Overview and Level Annotations

Branches:
Dungeon (7/15)             Temple (1/1) D:6

Altars:
Ashenzari
Cheibriados
Dithmenos
Fedhas
Gozag
Kikubaaqudgha
Makhleb
Nemelex Xobeh
Okawaru
Qazlal
Ru
Sif Muna
Trog
Uskayaw
Wu Jian
Xom
Zin

Shops:
D:6 *

Annotations:
D:6 2 transporters, diceflayer's ghost, novice DsHu
D:7 Pikel


Innate Abilities, Weirdness & Mutations

You cannot wear most types of armour.
You are amphibious.
You can wear up to eight rings at the same time.
Your skin changes colour to match your surroundings (Stealth+).
Your rubbery body absorbs attacks. (AC +1, EV +1)
((You are camouflaged when in or above water. (Stealth+)))
You have tentacles for arms and can constrict up to eight enemies at once.


Message History

Casting: Sandblast (safe; 1% risk of failure)
Confirm with . or Enter, or press ? or * to list all spells.
Aiming: Sandblast (safe; 1% risk of failure)
Press: ? - help, Shift-Dir - straight line, f - orc priest
Aim: an orc priest, wielding a +0 mace (asleep, 100% to hit)
The blast of sand hits the orc priest!
You kill the orc priest!
The orc warrior shouts!
The orc wizard shouts!
The lemure shouts!
The orc wizard shouts!
Pikel shouts!
The orc warrior shouts!
A wight comes into view. It is wielding a +2 dagger of venom.
A wight comes into view. It is wielding a +1 spear.
A wight comes into view. It is wielding a +3 hand axe.
A lemure comes into view.
The orc wizard shouts!
The lemure shouts!
You hear a shout! x2
Casting: Sandblast (safe; 1% risk of failure)
Confirm with . or Enter, or press ? or * to list all spells.
Aiming: Sandblast (safe; 1% risk of failure)
Press: ? - help, Shift-Dir - straight line, f - orc warrior
Aim: an orc warrior, wielding a +1 antimagic trident and wearing a +0 chain mail (82% to hit)
The blast of sand hits the orc warrior but does no damage.
The orc shouts!
The steam dragon hisses angrily.
The lemure completely misses you. The lemure misses you.
A wight comes into view. It is wielding a +0 flail.
The orc warrior hits you from afar with a +1 antimagic trident!
You feel your power leaking away. The lemure hits you!
* * * LOW HITPOINT WARNING * * *
The orc warrior closely misses you. The orc wizard barely misses you.
The orc wizard gestures wildly while chanting.
The orc wizard flickers and vanishes!
Deactivating autopickup; reactivate with Ctrl-A.
The lemure hits you!
* * * LOW HITPOINT WARNING * * *
The orc wizard hits you with a +0 dagger.
* * * LOW HITPOINT WARNING * * *
The orc warrior hits you from afar with a +1 antimagic trident!
* * * LOW HITPOINT WARNING * * *
You feel your power leaking away. The lemure hits you!
You die... ....# ..z# . zzz#

.. ##..#
...##..o#
......Do#
....5.o.#
..5..K5@#
####.o5...#
#~~.~o......
#~#+#~........
.. +....#....
o #~..##....
~~... ...
##.#. ..


You could see Pikel, a steam dragon, 2 orc warriors, 4 lemures, 4 wights, 2 orc
wizards and 2 orcs.

Vanquished Creatures
  A water moccasin (D:5)
  A sky beast (D:6)
  4 ogres
  A phantom (D:4)
  A necrophage (D:4)
  2 scorpions
  2 jellies (D:4)
  3 orc priests
  3 hounds
  2 iguanas (D:5)
  2 orc wizards
  A mummy (D:5)
  6 adders
  4 gnolls (D:2)
  3 white imps
  A worm (D:4)
  A dart slug (D:1)
  11 orcs
  2 bats (D:1)
  5 endoplasms
  9 goblins
  9 hobgoblins
  5 jackals
  8 kobolds
  9 quokkas
  8 ball pythons
  6 frilled lizards
  3 hobgoblin zombies (D:5)
  An orc zombie (D:5)
  3 rats
117 creatures vanquished.

Vanquished Creatures (others)
  13 plants (D:1)
13 creatures vanquished.

Grand Total: 130 creatures vanquished

Notes
Turn   | Place    | Note
-------+----------+-------------------------------------------
     0 | D:1      | Miku the Octopode Earth Elementalist began the quest for
                  | the Orb.
     0 | D:1      | Reached XP level 1. HP: 11/11 MP: 3/3
   217 | D:1      | Reached XP level 2. HP: 17/17 MP: 1/5
   283 | D:1      | Got the Omnibus of Cloudy Curses
   620 | D:1      | Reached XP level 3. HP: 21/21 MP: 4/6
   623 | D:1      | Learned a level 2 spell: Passwall
   627 | D:1      | Learned a level 3 spell: Stone Arrow
  1035 | D:2      | Found a faded altar of an unknown god.
  1394 | D:2      | Reached XP level 4. HP: 23/27 MP: 2/8
  2391 | D:2      | Reached skill level 4 in Earth Magic
  2391 | D:2      | Reached XP level 5. HP: 31/31 MP: 2/9
  2820 | D:3      | Noticed a +0 dagger
  2821 | D:3      | Noticed a +0 dagger
  2822 | D:3      | Found a hide-covered altar of Uskayaw.
  3075 | D:4      | Noticed an ogre
  3082 | D:4      | Killed an ogre
  3083 | D:4      | Reached skill level 1 in Conjurations
  3268 | D:4      | Noticed a phantom
  3274 | D:4      | Killed a phantom
  3275 | D:4      | Reached skill level 5 in Earth Magic
  3275 | D:4      | Reached XP level 6. HP: 36/36 MP: 6/10
  3315 | D:4      | Reached skill level 6 in Earth Magic
  3548 | D:4      | Reached XP level 7. HP: 34/41 MP: 5/11
  3556 | D:4      | Learned a level 4 spell: Petrify
  3558 | D:4      | Learned a level 1 spell: Summon Small Mammal
  4060 | D:4      | Reached skill level 7 in Earth Magic
  4107 | D:5      | Entered Level 5 of the Dungeon
  4816 | D:5      | Found an opulent altar of Gozag.
  4825 | D:5      | Reached skill level 8 in Earth Magic
  4983 | D:5      | Reached XP level 8. HP: 36/46 MP: 9/12
  5667 | D:6      | Reached skill level 9 in Earth Magic
  5675 | D:6      | Reached skill level 1 in Fighting
  5782 | D:6      | Found a staircase to the Ecumenical Temple.
  5783 | D:6      | Noticed a kobold demonologist
  5783 | D:6      | Noticed diceflayer's ghost (novice DsHu)
  5785 | D:6      | Noticed a two-headed ogre
  5837 | Temple   | Entered the Ecumenical Temple
  6009 | D:5      | HP: 2/50 [poisoned by a water moccasin]
  6430 | D:6      | Found Gefut's Mass Market.
  6547 | D:6      | Found a transporter.
  6550 | D:6      | Found a transporter.
  6764 | D:7      | Noticed Pikel
  6767 | D:7      | Slain by a lemure

Illustrated notes

Levels and vault maps discovered:
D:1:      roderic_crop_circles_arrival_small, layout_rooms, minmay_ruptured
D:2:      minmay_alternating_diamond, layout_loops_ring,
          shapermc_ecumenical_altar_notcrosses
D:3:      layout_basic, dancing_weapons_uskayaw, kennysheep_generic_room_2
D:4:      layout_basic
D:5:      layout_layer_cave, mainiacjoe_overflow_brackets,
          chequers_serial_rivers_small_b, minmay_mini_ossuary
D:6:      layout_cave_pods, minmay_temple_entry_butterflies,
          gammafunk_ghost_arena, minmay_shop_mass
D:7:      layout_cave_pools, mainiacjoe_overflow_cross_hatched, serial_shops,
          kennysheep_mini_moat, uniq_maggie, uniq_crazy_yiuf_cottage, uniq_pikel
Temple:   hellmonk_temple_two_chambers

Skill      XL: |  1  2  3  4  5  6  7  8 |
---------------+-------------------------+-----
Transmutations | 2 3 |  3.0
Spellcasting   | 3 |  3.0
Earth Magic    | 4 5 6 8 9 |  9.0
Conjurations   | 1 |  1.0
Fighting       | 2 |  2.6
Dodging        | 3 |  3.5
Stealth        | |  2.6

Action                   |  1- 3 |  4- 6 |  7- 9 || total
-------------------------+-------+-------+-------++-------
Melee: Dagger            |     2 |       |       ||     2
       Tentacles         |     2 |     3 |       ||     5
       Constrict         |     2 |     1 |     1 ||     4
       Unarmed           |     1 |       |       ||     1
       Short sword       |     1 |     4 |     2 ||     7
 Cast: Sandblast         |    43 |    58 |    71 ||   172
       Stone Arrow       |       |     2 |       ||     2
       Petrify           |       |       |     1 ||     1
  Use: Scroll            |       |       |     9 ||     9
Armor: Skin              |       |       |     2 ||     2
Dodge: Dodged            |     5 |    32 |    16 ||    53
